Map: Oxide LE

Players

goblin - Winner!

  • Race: Protoss Protoss
  • League: Master
  • Spawn Location: 1:00

Reynor

  • Race: Zerg Zerg
  • Spawn Location: 7:00

Event: StayAtHome Story Cup #3

VOD

Have the link to the VOD?

Description

Time

  • Played on: March 11, 2021, 7:23 a.m.
  • Length: 18:34

All games in this series

Show
View Real Time Build Order
Export as new Build Order

goblin Protoss - Winner!

Build Orders: Phoenix Opening, Carriers, Mass Phoenix 

Get SALT Encoding   

  12  0:00  Probe  
  13  0:12  Probe  
  14  0:17  Pylon  
  14  0:24  Probe (Chrono Boost)  
  15  0:36  Probe (Chrono Boost)  
  15  0:38  Gateway  
  16  0:45  Probe (Chrono Boost)  
  16  0:47  Assimilator  
  17  0:51  Probe  
  18  1:03  Probe  
  19  1:12  Pylon  
  19  1:15  Probe  
  20  1:26  Assimilator  
  20  1:28  Zealot  
  20  1:30  Cybernetics Core  
  22  1:33  Probe  
  23  1:50  Nexus  
  23  2:00  Pylon  
  23  2:09  Stargate  
  23  2:15  Adept (Chrono Boost)  
  23  2:18  Probe  
  26  2:36  Probe  
  27  2:42  Adept  
  29  2:49  Probe  
  30  2:52  Void Ray (Chrono Boost)  
  30  3:02  Probe (Chrono Boost)  
  36  3:06  Probe (Chrono Boost)  
  37  3:13  Probe (Chrono Boost)  
  37  3:15  Probe (Chrono Boost)  
  37  3:17  Pylon  
  39  3:22  Probe x2 (Chrono Boost), Protoss Air Weapons Level 1  
  39  3:26  Assimilator  
  40  3:27  Probe (Chrono Boost)  
  40  3:29  Probe  
  40  3:31  Assimilator  
  42  3:39  Probe  
  42  3:41  Probe  
  44  3:50  Stargate  
  44  3:51  Probe  
  44  3:53  Probe, Phoenix (Chrono Boost)  
  48  4:03  Probe  
  48  4:05  Probe  
  50  4:15  Probe, Phoenix (Chrono Boost), Pylon  
  53  4:17  Probe  
  54  4:28  Pylon  
  54  4:33  Probe x2, Phoenix (Chrono Boost)  
  60  4:40  Phoenix (Chrono Boost)  
  62  4:45  Probe x2  
  62  4:49  Phoenix  
  64  4:55  Pylon  
  64  4:58  Phoenix (Chrono Boost)  
  66  5:04  Nexus  
  66  5:08  Probe x2  
  68  5:15  Phoenix (Chrono Boost)  
  68  5:19  Warp Gate  
  68  5:20  Phoenix (Chrono Boost)  
  70  5:22  Probe x2  
  74  5:29  Pylon  
  74  5:32  Shield Battery  
  74  5:34  Probe x2  
  76  5:36  Phoenix  
  78  5:47  Phoenix  
  78  5:49  Twilight Council  
  80  5:53  Probe  
  80  5:55  Probe  
  82  6:01  Phoenix  
  84  6:05  Probe  
  84  6:07  Probe (Chrono Boost)  
  86  6:16  Phoenix, Pylon  
  86  6:18  Probe (Chrono Boost)  
  90  6:20  Probe (Chrono Boost)  
  90  6:21  Pylon  
  90  6:22  Probe (Chrono Boost)  
  90  6:25  Pylon  
  91  6:26  Phoenix  
  91  6:27  Probe (Chrono Boost)  
  91  6:28  Probe (Chrono Boost)  
  91  6:31  Probe (Chrono Boost), Charge  
  91  6:32  Probe (Chrono Boost)  
  96  6:34  Probe  
  98  6:41  Probe  
  98  6:42  Fleet Beacon  
  98  6:43  Assimilator  
  98  6:45  Assimilator  
  99  6:47  Probe x2  
  99  6:54  Probe  
  102  6:59  Gateway  
  100  7:02  Probe, Gateway  
  100  7:03  Probe  
  100  7:24  Carrier x2 (Chrono Boost)  
  100  7:29  Probe x2  
  114  7:34  Shield Battery, Zealot  
  114  7:35  Pylon  
  116  7:39  Anion Pulse-Crystals  
  116  7:48  Forge  
  116  7:49  Gateway  
  116  7:50  Gateway  
  116  8:01  Zealot x2, Protoss Air Weapons Level 2  
  116  8:02  Zealot  
  122  8:13  Carrier (Chrono Boost)  
  122  8:19  Pylon  
  128  8:20  Pylon  
  128  8:33  Pylon  
  128  8:34  Pylon  
  128  8:41  Carrier (Chrono Boost)  
  134  8:42  Zealot x2  
  134  8:43  Zealot  
  134  9:01  Stargate  
  128  9:09  Carrier (Chrono Boost)  
  132  9:13  Stargate  
  132  9:15  Gateway  
  132  9:17  Gateway  
  132  9:19  Photon Cannon  
  132  9:20  Photon Cannon x2, Gateway  
  132  9:21  Photon Cannon  
  132  9:22  Photon Cannon, Pylon  
  132  9:23  Photon Cannon, Pylon, Sentry x2  
  136  9:24  Shield Battery  
  136  9:25  Shield Battery x2  
  136  9:29  Carrier (Chrono Boost)  
  142  9:40  Templar Archives  
  142  9:46  Photon Cannon  
  142  9:47  Photon Cannon  
  142  9:49  Photon Cannon, Shield Battery  
  142  9:52  Photon Cannon  
  142  9:59  Phoenix (Chrono Boost)  
  142  10:05  Carrier (Chrono Boost)  
  144  10:18  Carrier  
  144  10:21  High Templar x2  
  154  10:31  High Templar  
  154  10:32  Zealot x4  
  158  10:53  Carrier (Chrono Boost)  
  164  11:00  Zealot x4  
  164  11:01  Zealot x2  
  176  11:07  Protoss Air Weapons Level 3 (Chrono Boost)  
  172  11:31  Zealot  
  180  11:35  Carrier (Chrono Boost)  
  180  11:39  Pylon  
  180  11:42  Pylon  
  162  11:58  Archon  
  154  12:05  High Templar x5  
  154  12:07  Zealot  
  154  12:08  Zealot x2  
  162  12:12  Photon Cannon  
  162  12:14  Photon Cannon  
  162  12:16  Pylon  
  162  12:20  Photon Cannon  
  162  12:25  Carrier  
  168  12:31  Psionic Storm  
  168  12:33  Zealot x3  
  166  12:50  Carrier  
  168  12:56  Zealot x2  
  172  13:00  High Templar  
  171  13:16  Shield Battery  
  171  13:19  Shield Battery  
  171  13:28  High Templar  
  171  13:29  High Templar x3, Zealot x3  
  171  13:33  Archon  
  183  13:35  Archon  
  181  13:55  Protoss Air Armor Level 1 (Chrono Boost)  
  175  14:10  Void Ray x2 (Chrono Boost)  
  175  14:27  High Templar  
  175  14:28  High Templar, Zealot x3  
  179  14:35  Archon  
  179  14:37  High Templar x2  
  183  14:40  Void Ray (Chrono Boost)  
  185  15:03  High Templar x2  
  189  15:07  Archon  
  189  15:08  Zealot  
  165  15:37  High Templar x2  
  165  15:41  Archon  
  169  15:43  High Templar x2  
  169  15:47  Archon  
  145  16:10  High Templar x2  
  149  16:15  Archon  
  147  16:25  Stalker  
  104  17:30  Carrier x2 (Chrono Boost)  
  116  17:43  High Templar  
Show
View Real Time Build Order
Export as new Build Order

Reynor Zerg 

Build Orders: Pool First 

Get SALT Encoding   

  12  0:00  Drone  
  13  0:12  Overlord  
  13  0:17  Drone  
  14  0:30  Drone x2  
  16  0:41  Spawning Pool  
  15  0:44  Drone  
  15  0:48  Drone  
  17  1:12  Drone  
  18  1:19  Hatchery  
  17  1:28  Zergling x6  
  17  1:30  Queen  
  17  1:32  Extractor  
  21  1:40  Overlord  
  21  1:50  Drone  
  22  2:00  Drone  
  23  2:05  Queen  
  25  2:11  Drone  
  26  2:22  Drone  
  27  2:32  Drone  
  27  2:33  Drone  
  27  2:36  Pneumatized Carapace  
  29  2:39  Drone x2, Overlord  
  29  2:41  Drone  
  32  2:54  Hatchery  
  32  2:57  Drone  
  32  3:02  Drone x2  
  34  3:10  Queen  
  36  3:13  Drone  
  36  3:16  Drone  
  36  3:17  Drone  
  36  3:19  Drone  
  40  3:22  Zergling x2  
  40  3:26  Overlord  
  41  3:28  Drone  
  41  3:33  Queen  
  44  3:38  Overlord  
  44  3:44  Drone x3  
  46  3:49  Queen  
  46  3:51  Drone  
  49  3:58  Overlord  
  49  4:00  Zergling x2  
  50  4:05  Overlord  
  50  4:07  Drone  
  50  4:09  Queen  
  53  4:12  Drone, Spore Crawler  
  53  4:17  Overlord  
  53  4:18  Drone x2  
  53  4:23  Queen  
  56  4:25  Drone  
  56  4:26  Drone  
  56  4:28  Drone  
  56  4:30  Metabolic Boost  
  59  4:35  Drone, Spore Crawler  
  59  4:36  Drone  
  60  4:40  Drone  
  60  4:42  Queen  
  60  4:44  Zergling x4  
  65  4:46  Drone  
  65  4:48  Spore Crawler  
  65  4:52  Drone x2  
  67  4:53  Drone  
  67  4:56  Drone, Evolution Chamber  
  67  4:57  Drone  
  69  5:00  Overlord  
  69  5:03  Drone x2  
  71  5:08  Drone x2  
  71  5:10  Overlord  
  72  5:15  Queen  
  72  5:17  Queen  
  72  5:19  Drone x2  
  72  5:21  Drone x2  
  79  5:24  Zerg Missile Weapons Level 1  
  79  5:25  Overlord  
  79  5:29  Drone x3  
  79  5:30  Drone  
  79  5:32  Overlord  
  79  5:34  Drone x2  
  85  5:39  Spore Crawler  
  85  5:41  Queen  
  84  5:45  Overlord  
  84  5:46  Spore Crawler, Overlord  
  83  5:51  Drone x4  
  83  5:53  Extractor  
  83  5:55  Extractor  
  83  5:56  Drone x2  
  87  5:57  Extractor  
  87  6:00  Spore Crawler  
  87  6:01  Drone x2  
  87  6:05  Spore Crawler  
  87  6:07  Lair  
  87  6:08  Drone x3  
  87  6:09  Drone  
  90  6:12  Drone x3  
  90  6:16  Extractor x2  
  90  6:18  Queen  
  93  6:19  Drone x2  
  95  6:26  Queen  
  95  6:28  Overlord  
  95  6:29  Spore Crawler  
  95  6:32  Drone x4  
  100  6:38  Spore Crawler, Overlord  
  99  6:43  Drone x2  
  100  6:55  Spore Crawler  
  100  6:56  Overlord  
  100  6:57  Hatchery  
  100  7:00  Queen  
  100  7:01  Queen  
  100  7:06  Spore Crawler  
  101  7:08  Overlord  
  101  7:14  Drone x3  
  101  7:15  Drone x2  
  104  7:16  Overlord  
  104  7:17  Overlord  
  104  7:21  Drone x6  
  104  7:22  Drone x2  
  106  7:25  Queen  
  108  7:30  Zerg Ground Armor Level 1  
  108  7:36  Roach Warren, Queen  
  109  7:39  Queen  
  111  7:48  Drone x6, Spore Crawler  
  116  7:53  Spore Crawler  
  115  8:04  Queen  
  117  8:06  Overlord  
  117  8:08  Overlord  
  117  8:11  Drone, Queen x2  
  117  8:12  Spore Crawler  
  121  8:15  Queen, Glial Reconstitution  
  123  8:20  Roach x4  
  136  8:27  Roach x5  
  136  8:32  Roach x3  
  146  8:36  Overseer  
  146  8:40  Roach x5  
  156  8:41  Overlord  
  156  8:44  Queen  
  158  8:50  Roach x4  
  160  8:55  Queen  
  160  8:59  Queen x2  
  155  9:04  Roach  
  155  9:05  Roach x4  
  161  9:12  Overlord  
  161  9:13  Ravager x3  
  161  9:14  Ravager x5  
  169  9:19  Roach x3  
  169  9:20  Overlord  
  169  9:22  Overlord  
  175  9:27  Overlord  
  175  9:29  Queen  
  175  9:30  Overlord  
  177  9:35  Queen x2  
  177  9:38  Overlord  
  175  9:39  Ravager x4  
  175  9:40  Queen, Ravager  
  182  9:49  Ravager x5  
  184  10:03  Roach x8  
  184  10:05  Queen  
  194  10:10  Drone x4  
  198  10:23  Spore Crawler  
  198  10:24  Spore Crawler  
  198  10:25  Spore Crawler  
  198  10:27  Spore Crawler  
  194  10:37  Ravager  
  194  10:38  Ravager x4  
  194  10:40  Queen  
  192  10:44  Roach x6  
  192  10:48  Queen  
  190  10:51  Queen x2  
  190  10:53  Roach x6  
  197  10:58  Drone x2  
  198  11:10  Drone x4, Spire  
  193  11:24  Extractor  
  192  11:26  Ravager x4  
  192  11:27  Drone x3, Extractor  
  198  11:35  Zerg Ground Armor Level 2  
  198  11:44  Spore Crawler  
  198  11:45  Spore Crawler  
  198  11:46  Spore Crawler  
  190  11:49  Spore Crawler  
  190  11:50  Spore Crawler, Roach x10  
  182  11:57  Queen  
  156  12:04  Drone x3  
  156  12:05  Queen x2  
  161  12:08  Ravager x3  
  161  12:09  Ravager x3  
  166  12:15  Queen  
  164  12:36  Corruptor x9  
  164  12:37  Hatchery, Corruptor x4  
  182  12:50  Roach x6  
  188  12:51  Spore Crawler  
  188  12:53  Corruptor x2  
  188  12:57  Zerg Flyer Weapons Level 1  
  185  13:02  Ravager x2  
  187  13:13  Corruptor x2  
  187  13:17  Drone x5  
  196  13:21  Corruptor  
  196  13:22  Overseer x2  
  198  13:29  Infestation Pit  
  192  13:35  Corruptor x2  
  192  13:39  Spore Crawler x2  
  192  13:40  Spore Crawler  
  193  13:41  Spore Crawler, Corruptor  
  194  13:54  Corruptor x3  
  197  14:08  Roach x7  
  196  14:24  Corruptor x3  
  196  14:27  Corruptor x2  
  196  14:29  Drone x7  
  187  14:39  Corruptor x3  
  187  14:40  Extractor  
  187  14:41  Extractor  
  187  14:44  Roach x5  
  195  14:48  Roach x2  
  193  14:55  Corruptor x2  
  193  14:58  Roach  
  181  15:22  Corruptor x4  
  181  15:25  Roach  
  181  15:26  Roach x3  
  189  15:35  Roach  
  189  15:36  Roach x5  
  179  15:57  Corruptor x4  
  179  16:03  Corruptor  
  165  16:07  Corruptor  
  155  16:11  Corruptor  
  155  16:15  Corruptor  
  157  16:19  Corruptor  
  157  16:23  Corruptor  
  153  16:26  Corruptor  
  153  16:28  Corruptor x2  
  153  16:31  Corruptor  
  163  16:37  Corruptor  
  165  16:42  Corruptor  
  165  16:43  Corruptor  
  167  16:51  Roach x3  
  162  16:56  Corruptor x2  
  162  17:01  Corruptor  
  159  17:04  Roach  
  159  17:06  Roach  
  161  17:18  Corruptor  
  131  17:27  Corruptor  
  97  17:30  Corruptor  
  84  17:38  Corruptor  
  84  17:40  Corruptor  
  84  17:41  Corruptor  
  78  17:44  Overlord x2  
  78  17:50  Overlord  
  75  17:54  Overlord  
  74  18:01  Overlord  
  74  18:04  Overlord  
Tags
 
Add a new tag
Caveats
  • Supply blocks, unpowered buildings, or Contaminate may cause inaccurate times.
  • Supply counts are checked every 10 seconds.